 Dungeon Crawl Stone Soup version 0.20-a0-972-gb9bd3e6 (webtiles) character file.

51 Firecrotchwizard the Insei (level 3, -3/26 HPs)
             Began as a Merfolk Transmuter on Apr 10, 2017.
             Killed by divine providence
             ... invoked by an orc priest
              (12 damage)
             ... on level 3 of the Dungeon.
             The game lasted 00:05:40 (2333 turns).

Firecrotchwizard the Insei (Merfolk Transmuter)     Turns: 2333, Time: 00:05:40

Health: -3/26      AC:  3    Str: 10    XL:     3   Next: 83%
Magic:  3/6        EV: 13    Int: 13    God:
Gold:   80         SH:  0    Dex: 18    Spells: 3/6 levels left

rFire    + . .     SeeInvis .     - Unarmed
rCold    . . .     Gourm    .   (no shield)
rNeg     . . .     Faith    .   k - +0 robe (curse)
rPois    .         Spirit   .   (no helmet)
rElec    .         Reflect  .   s - +0 cloak
rCorr    .         Harm     .   (no gloves)
MR       .....                  (no boots)
Stlth    ++........             (no amulet)
Regen    0.1/turn               r - +4 ring of dexterity
MPRegen  0.1/turn               n - ring of protection from fire

@: appendage
A: change form in water, swift swim, stealthy swim, horns 2
a: End Transformation


You were on level 3 of the Dungeon.
You were not hungry.
You had grown temporary horns.
You visited 1 branch of the dungeon, and saw 3 of its levels.

You collected 80 gold pieces.

Inventory:

Missiles
 a - 28 arrows
Armour
 k - a cursed +0 robe (worn)
 s - a +0 cloak (worn)
Jewellery
 l - an uncursed ring of resist corrosion
 m - an uncursed ring of fire
 n - a ring of protection from fire (right hand)
 r - a +4 ring of dexterity (left hand)
Scrolls
 f - a scroll of identify {unknown}
 g - 3 scrolls of remove curse {unknown}
 h - 2 scrolls of random uselessness {unknown}
 i - a scroll of blinking {unknown}
 j - a scroll of enchant armour {unknown}
 p - a scroll of amnesia {unknown}
 q - a scroll of teleportation {unknown}
Potions
 b - a potion of heal wounds {unknown}
 e - a potion of curing {unknown}
Books
 c - a book of Changes

   Spells                             Type                      Level
   a - Beastly Appendage              Transmutation                1
   b - Sticks to Snakes               Transmutation                2
   c - Spider Form                    Transmutation/Poison         3
   d - Ice Form                       Ice/Transmutation            4
   e - Blade Hands                    Transmutation                5
Comestibles
 d - 2 bread rations
 o - 2 royal jellies
 t - 2 chunks of flesh


   Skills:
 - Level 1.1 Fighting
 - Level 2.6 Dodging
 + Level 4.8 Unarmed Combat
 - Level 2.0 Spellcasting
 + Level 3.3 Transmutations


You had 3 spell levels left.
You knew the following spells:

 Your Spells              Type           Power        Failure   Level  Hunger
a - Beastly Appendage     Tmut           ##....       10%         1    ##.....
b - Sticks to Snakes      Tmut           ##......     12%         2    ###....


Dungeon Overview and Level Annotations

Branches:
Dungeon (3/15)

Altars:
Ashenzari
Makhleb


Innate Abilities, Weirdness & Mutations

You revert to your normal form in water.
You are very nimble and swift while swimming.
You are very stealthy in the water. (Stealth+)
You have a pair of horns on your head.


Message History

Confirm with . or Enter, or press ? or * to list all spells.
You grow a pair of large bovine horns.
An orc comes into view.
You barely miss the ooze.
Casting: Beastly Appendage
Confirm with . or Enter, or press ? or * to list all spells.
You create a snake!
You now have 28 arrows.
The ooze hits you.
The orc priest calls down the wrath of Beogh upon you.
Beogh smites you!
Ouch! That really hurt!
An orc comes into view. It is wielding a dagger.
The orc shouts!
You swap places.
The ooze closely misses your ball python.
Your ball python bites the ooze but does no damage.
The ooze hits your ball python.
Your ball python dies!
The orc priest mumbles some strange prayers to Beogh against you.
Beogh smites you!
You die...

#...........
#..!........
#....o...o.o
#o# #.# #J#
#.#
.########.#
.......<#@##
#######....#
#....+
#....#
#....#
######


You could see an orc priest, an ooze and an orc.

Vanquished Creatures
  A worm (D:2)
  2 dart slugs
  A leopard gecko (D:2)
  A ball python (D:1)
  2 giant cockroaches
  5 goblins (D:1)
  10 hobgoblins
  4 bats
  3 frilled lizards
  6 kobolds
  5 rats
40 creatures vanquished.

Notes
Turn   | Place    | Note
-------+----------+-------------------------------------------
     0 | D:1      | Firecrotchwizard the Merfolk Transmuter began the quest for the Orb.
     0 | D:1      | Reached XP level 1. HP: 15/15 MP: 3/3
   366 | D:1      | Reached XP level 2. HP: 21/21 MP: 5/5
   418 | D:1      | Reached skill level 4 in Unarmed Combat
   918 | D:1      | Learned a level 2 spell: Sticks to Snakes
  1192 | D:1      | Reached XP level 3. HP: 13/26 MP: 4/6
  1998 | D:2      | Found a shattered altar of Ashenzari.
  2061 | D:2      | Found a burning altar of Makhleb.
  2333 | D:3      | Killed from afar by an orc priest

Vault maps used:
D:1:      minmay_arrival_five_plusses
D:2:      nicolae_overflow_crystal_walls, lemuel_round_altar, first_bread
D:3:      minitemple

Skill      XL: |  1  2  3 |
---------------+----------+-----
Unarmed Combat | 4 |  4.8
Transmutations | 3 |  3.3
Fighting       | |  1.1
Dodging        | |  2.6
Spellcasting   | |  2.0

Action                   || total
-------------------------++-------
Melee: Unarmed           ||   127
       Punch             ||     2
       Headbutt          ||     9
 Cast: Beastly Appendage ||    13
       Sticks to Snakes  ||     1
 Stab: Distracted        ||     1
       Sleeping          ||     1
  Eat: Chunk             ||     5
Armor: Robe              ||    15
Dodge: Dodged            ||    73
